 Dungeon Crawl Stone Soup version 0.27.1 (webtiles) character file.

Game seed: 17937886976041916605

1 FreshCat the Magician (level 1, 0/17 HPs)
             Began as a Gnoll Wanderer on Aug 24, 2021.
             Slain by a gnoll (6 damage)
             ... on level 1 of the Dungeon.
             The game lasted 00:01:03 (50 turns).

FreshCat the Magician (Gnoll Wanderer)                Turns: 50, Time: 00:01:03

Health: 0/17       AC:  2    Str: 14    XL:     1   Next: 20%
Magic:  8/8        EV: 11    Int: 14    God:
Gold:   0          SH:  0    Dex: 11    Spells: 13/14 levels left

rFire    . . .     SeeInvis .   a - +0 club
rCold    . . .     Faith    .   (no shield)
rNeg     . . .     Spirit   .   c - +0 robe
rPois    .         Reflect  .   (no helmet)
rElec    .         Harm     .   (no cloak)
rCorr    .         Rampage  .   (no gloves)
Will     .....                  (no boots)
Stlth    +.........             (no amulet)
HPRegen  0.05/turn              f - +6 ring of intelligence
MPRegen  0.11/turn              (no ring)

@: no status effects
A: fangs 1, strong nose, distributed training
a: no special abilities


You were on level 1 of the Dungeon.
You visited 1 branch of the dungeon, and saw 1 of its levels.

Inventory:

Hand Weapons
 a - a +0 club (weapon)
Missiles
 e - 15 arrows
Armour
 c - a +0 robe (worn)
Jewellery
 f - a +6 ring of intelligence (left hand)
Scrolls
 d - a scroll of teleportation
Potions
 b - a potion of lignification


   Skills:
 + Level 2.3 Fighting
 + Level 0.0 Short Blades
 + Level 0.0 Long Blades
 + Level 0.0 Axes
 + Level 0.0 Maces & Flails
 + Level 0.0 Polearms
 + Level 0.0 Staves
 + Level 0.0 Slings
 + Level 0.0 Bows
 + Level 0.0 Crossbows
 + Level 0.0 Throwing
 + Level 0.0 Armour
 + Level 0.0 Dodging
 + Level 0.0 Stealth
 + Level 2.3 Shields
 + Level 4.4 Unarmed Combat
 + Level 7.0 Spellcasting
 + Level 0.0 Conjurations
 + Level 0.0 Hexes
 + Level 0.0 Summonings
 + Level 0.0 Necromancy
 + Level 0.0 Translocations
 + Level 1.9 Transmutations
 + Level 0.0 Fire Magic
 + Level 0.0 Ice Magic
 + Level 0.0 Air Magic
 + Level 1.9 Earth Magic
 + Level 0.0 Poison Magic
 + Level 0.0 Invocations
 + Level 2.3 Evocations


You had 13 spell levels left.
You knew the following spells:

 Your Spells              Type           Power      Damage    Failure   Level
a - Sandblast             Erth           20%        2d7       6%          1

Your spell library contained the following spells:

 Spells                   Type           Power      Damage    Failure   Level
 Passwall                 Tmut/Erth      8%         N/A       10%         2
 Stone Arrow              Conj/Erth      14%        3d7       28%         3
 Petrify                  Tmut/Erth      10%        N/A       54%         4


Dungeon Overview and Level Annotations

Branches:
Dungeon (1/15)

Altars:


Innate Abilities, Weirdness & Mutations

You have very sharp teeth.
Your uncanny sense of smell can sniff out nearby items.
Your experience applies equally to all skills.


Message History

You feel clever.
f - a +6 ring of intelligence (left hand)
A bat comes into view.
A gnoll comes into view. It is wielding a +0 club.
The gnoll shouts!
The bat hits you but does no damage.
You closely miss the bat. Your bite misses the bat. The bat closely misses you.
A ball python comes into view.
The bat misses you. The bat barely misses you. The bat hits you.
The bat closely misses you. The bat hits you. The bat hits you.
The bat barely misses you. The bat barely misses you.
The bat hits you but does no damage.
You closely miss the bat. The bat hits you but does no damage.
The bat closely misses you. The bat barely misses you.
The bat hits you but does no damage.
You hit the bat.
The bat is moderately wounded.
The bat misses you. The bat barely misses you.
You hit the bat.
You kill the bat!
You closely miss the gnoll. The gnoll closely misses you.
You closely miss the gnoll.
The ball python hisses angrily.
The gnoll completely misses you. The gnoll hits you with a +0 club.
You hit the gnoll.
The gnoll is moderately wounded.
The gnoll hits you with a +0 club.
You barely miss the gnoll.
The gnoll is moderately wounded.
The gnoll hits you but does no damage.
You hit the gnoll.
The gnoll is severely wounded.
The gnoll hits you but does no damage. The gnoll hits you with a +0 club.
You barely miss the gnoll. Your bite misses the gnoll.
The gnoll is severely wounded.
The gnoll hits you with a +0 club.
You die...

.≈°°..## .≈°○≈≈.# ..#
≈.≈○≈..# .#... ......#
#.##.# ###### #####.##.#
#≈.≈# ##..##.##.. ##'##
##§...#.##.#
#...####.§..#.##.#
.....#8#.#§.'.##@#
.><..'.'.§..'.##g#
.....#8#.§#.'..#S#########
#...####....##.#.........#
##+## ##....##.#.........#
##..###...........# ####
##.........## #.>.......#
#.........#


You could see a gnoll and a ball python.

Vanquished Creatures
  A bat (D:1)
1 creature vanquished.

Notes
Turn   | Place    | Note
-------+----------+-------------------------------------------
     0 | D:1      | FreshCat the Gnoll Wanderer began the quest for the Orb.
     0 | D:1      | FreshCat set off with the following items: a +0 club, a
                  | potion of lignification, a +0 robe, a scroll of
                  | teleportation; and the following spell memorised:
                  | Sandblast; and the following spells available to memorise:
                  | Passwall, Stone Arrow, Petrify
     0 | D:1      | Reached XP level 1. HP: 17/17 MP: 8/8
    50 | D:1      | Slain by a gnoll

Illustrated notes

Levels and vault maps discovered:
D:1:      shiori_arrival_elements, layout_basic,
          dilly_ecumenical_altar_fadedgnrine, serial_park_tiny_1

Action                   || total
-------------------------++-------
Melee: Club              ||    10
Armor: Robe              ||     6
Dodge: Dodged            ||    12
